 Dungeon Crawl Stone Soup version 0.27-a0-1191-g601b473118 (webtiles) character file.

Game seed: 10972829371181481797

3333 HoaS the Grappler (level 9, -6/85 HPs)
             Began as a Troll Hunter on May 24, 2021.
             Was a Priest of Okawaru.
             Mangled by Harold
             ... wielding a +0 vorpal halberd
              (14 damage)
             ... on level 8 of the Dungeon.
             The game lasted 00:19:51 (6701 turns).

HoaS the Grappler (Troll Hunter)                    Turns: 6701, Time: 00:19:52

Health: -6/85      AC: 16    Str: 22    XL:     9   Next: 71%
Magic:  0/10       EV: 13    Int:  7    God:    Okawaru [***...]
Gold:   514        SH:  0    Dex: 13    Spells: 8/8 levels left

rFire    . . .     SeeInvis .     - Unarmed
rCold    . . .     Faith    .   (no shield)
rNeg     . . .     Spirit   +   b - +1 robe
rPois    .         Reflect  .   (helmet restricted)
rElec    .         Harm     .   a - +1 cloak
rCorr    .         Rampage  .   (gloves unavailable)
Will     .....                  (boots unavailable)
Stlth    +++.......             x - amulet of guardian spirit
HPRegen  1.24/turn              j - +4 ring of protection
MPRegen  0.12/turn              n - +4 ring of protection

@: heroic
A: large, unfitting armour, claws 3, regeneration 1, shaggy fur 1, tough skin 1
a: Renounce Religion, Heroism


You were on level 8 of the Dungeon.
You worshipped Okawaru.
Okawaru was most pleased with you.
You visited 2 branches of the dungeon, and saw 9 of its levels.
You also visited: Sewer and Bailey.

You collected 514 gold pieces.

Inventory:

Missiles
 c - 5 large rocks
 d - 2 throwing nets (quivered)
 m - 17 poisoned darts
 q - 2 boomerangs
Armour
 a - a +1 cloak (worn)
 b - a +1 robe (worn)
Jewellery
 j - a +4 ring of protection (left claw)
 n - a +4 ring of protection (right claw)
 v - a ring of poison resistance
 x - an amulet of guardian spirit (around neck)
Wands
 e - a wand of polymorph (17)
 i - a wand of flame (18)
 p - a wand of iceblast (7)
 y - a wand of charming (8)
Scrolls
 g - 5 scrolls of teleportation
 t - a scroll of noise
Potions
 f - 4 potions of flight
 h - 2 potions of invisibility
 k - 3 potions of heal wounds
 l - a potion of curing {unknown}
 o - 2 potions of degeneration {unknown}
 r - 3 potions of might
 s - a potion of lignification {unknown}
 u - 4 potions of cancellation {unknown}
 w - a potion of magic {unknown}


   Skills:
 * Level 4.4(9.4) Fighting
 + Level 4.4(9.4) Throwing
 + Level 3.7(8.7) Armour
 + Level 3.7(8.7) Dodging
 - Level 0.3(5.3) Stealth
 * Level 9.8(14.8) Unarmed Combat
 + Level 3.9 Invocations


You had 8 spell levels left.
You didn't know any spells.
Your spell library contained the following spells:

 Spells                   Type           Power      Damage    Failure   Level
 Magic Dart               Conj           0%         1d3       43%         1
 Sting                    Tmut/Pois      0%         1d3       43%         1
 Poisonous Vapours        Pois/Air       0%         N/A       56%         2
 Searing Ray              Conj           0%         3d3       56%         2
 Dazzling Flash           Conj/Hex       0%         N/A       80%         3
 Ignite Poison            Fire/Tmut/Pois 0%         N/A       80%         3
 Mephitic Cloud           Conj/Pois/Air  0%         N/A       80%         3
 Fulminant Prism          Conj/Hex       0%         3d6       99%         4
 Iskenderun's Mystic Bla  Conj/Tloc      0%         2d3       99%         4
 Olgreb's Toxic Radiance  Pois           0%         N/A       99%         4


Dungeon Overview and Level Annotations

Branches:
Dungeon (8/15)             Temple (1/1) D:4           Sewer (visited)
 Bailey (visited)
   Lair: D:8-11

Altars:
Cheibriados
Dithmenos
Elyvilon
Fedhas
Gozag
Hepliaklqana
Kikubaaqudgha
Makhleb
Nemelex Xobeh
Okawaru
Qazlal
Sif Muna
Trog
Uskayaw
Vehumet
Wu Jian
Xom
Yredelemnul
The Shining One

Shops:
D:4 :

Annotations:
D:8 Harold


Innate Abilities, Weirdness & Mutations

You are too large for most types of armour.
You have claws for hands.
Your natural rate of healing is unusually fast.
You are covered in fur. (AC +1)
You have tough skin. (AC +1)


Message History

Okay, then.
You scratch something but do no damage.
You feel sick. Something hits you but does no damage.
Harold the Weathered comes into view.
He is wielding a +0 vorpal halberd.
You closely miss something.
You feel sick.
You scratch something.
You feel sick. Something hits you. Something burns you.
You claw something!
You feel sick. Something hits you. Something burns you.
You mangle something!!
You feel sick. Harold casts a spell at you.
Something hits you but does no damage.
You miss something.
You feel sick.
You closely miss something. Harold barely misses you.
Something hits you but does no damage.
You mangle something!! Your claw misses something.
You feel sick. Harold hits you but does no damage. Something hits you.
Something burns you.
You mangle something!! Okawaru is honoured by your kill.
Okawaru will now gift you ammunition as you gain piety.
Reactivating autopickup.
You feel a bit more experienced.
You feel sick.
You are no longer poisoned.
Your base Fighting skill increases to level 4!
You swing at nothing.
The sentinel's mark upon you fades away.
Harold hits you from afar with a +0 vorpal halberd.
You swing at nothing.
Harold hits you from afar with a +0 vorpal halberd!
You swing at nothing.
Harold hits you from afar with a +0 vorpal halberd!
* * * LOW HITPOINT WARNING * * *
You swing at nothing.
You swing at nothing.
Harold hits you from afar with a +0 vorpal halberd!
* * * LOW HITPOINT WARNING * * *
x2 You swing at nothing.
Harold fires a harpoon shot at you.
The harpoon shot hits you but does no damage.
You swing at nothing.
Harold hits you from afar with a +0 vorpal halberd!
You die...

###### #o@)@#
#o#### #
######†####.##.##
.o.......†..5{....
o#########.####.##
.... #..### #..#
#..#


You could see Harold and 2 orcs.

Vanquished Creatures
  Erica (D:8)
  Sigmund (D:2)
  2 ice beasts
  A sky beast (D:7)
  A necrophage (D:6)
  An orc warrior (D:3)
  3 ogres
  A centaur (D:6)
  A wyvern zombie (D:4)
  3 scorpions
  A wyvern skeleton (D:5)
  8 killer bees
  8 wights (D:7)
  A hound (D:3)
  4 orc priests
  A bullfrog skeleton (D:5)
  A jelly (D:6)
  Crazy Yiuf (D:2)
  Jessica (D:2)
  5 orc wizards
  A merfolk siren (Sewer)
  A merfolk avatar (Sewer)
  Robin (D:3)
  9 adders
  2 river rats (Sewer)
  3 shadow imps
  A white imp (D:7)
  A worm (D:3)
  15 dart slugs
  34 orcs
  16 ball pythons
  3 endoplasms
  8 giant cockroaches
  19 goblins
  6 hobgoblins
  7 jackals (D:2)
  7 kobolds
  8 quokkas
  4 bats
  8 frilled lizards
  32 rats
232 creatures vanquished.

Vanquished Creatures (others)
  2 plants (D:4)
2 creatures vanquished.

Grand Total: 234 creatures vanquished

Notes
Turn   | Place    | Note
-------+----------+-------------------------------------------
     0 | D:1      | HoaS the Troll Hunter began the quest for the Orb.
     0 | D:1      | Reached XP level 1. HP: 19/19 MP: 0/0
    79 | D:1      | Reached skill level 1 in Unarmed Combat
   104 | D:1      | Reached XP level 2. HP: 27/27 MP: 1/1
   308 | D:1      | Reached skill level 2 in Unarmed Combat
   382 | D:1      | Found a faded altar of an unknown god.
   572 | D:2      | Found a runed translucent door.
   573 | D:2      | Noticed Crazy Yiuf
   629 | D:2      | Reached XP level 3. HP: 32/33 MP: 2/2
   630 | D:2      | Reached skill level 3 in Unarmed Combat
  1140 | D:2      | Noticed Sigmund
  1149 | D:2      | Killed Sigmund
  1150 | D:2      | Reached skill level 5 in Unarmed Combat
  1150 | D:2      | Reached XP level 4. HP: 31/41 MP: 3/3
  1150 | D:2      | Reached XP level 5. HP: 36/48 MP: 4/4
  1235 | D:2      | Noticed Jessica
  1335 | D:2      | Killed Jessica
  1587 | D:2      | Killed Crazy Yiuf
  1588 | D:2      | Reached XP level 6. HP: 40/55 MP: 5/5
  1699 | D:3      | Reached skill level 6 in Unarmed Combat
  1832 | D:3      | Noticed Robin
  1833 | D:3      | Found a burning altar of Makhleb.
  2084 | D:3      | Found a glowing drain.
  2101 | Sewer    | Entered a sewer
  2568 | D:3      | Killed Robin
  2710 | D:4      | Noticed an ice beast
  2724 | D:3      | Reached skill level 7 in Unarmed Combat
  2739 | D:3      | Killed an ice beast
  2740 | D:3      | Reached XP level 7. HP: 62/62 MP: 6/6
  2938 | D:4      | Reached skill level 8 in Unarmed Combat
  2945 | D:4      | Found a staircase to the Ecumenical Temple.
  2971 | Temple   | Entered the Ecumenical Temple
  3158 | Temple   | Became a worshipper of Warmaster Okawaru
  3495 | D:4      | Found the +9 heavy crossbow "Sniper" {vorpal, Acc+∞ SInv}
  3515 | D:4      | Reached skill level 1 in Invocations
  3671 | D:4      | Found Poplelel's Book Emporium.
  3823 | D:5      | Entered Level 5 of the Dungeon
  4013 | D:4      | Reached skill level 1 in Armour
  4013 | D:4      | Reached XP level 8. HP: 54/72 MP: 8/8
  4254 | D:5      | Reached * piety under Okawaru
  4303 | D:5      | Found a basalt altar of Yredelemnul.
  4315 | D:5      | Found a glowing golden altar of the Shining One.
  4317 | D:5      | Noticed an angel
  4914 | D:6      | Identified the +0 pair of boots of Stoicism {Str+2}
  5236 | D:6      | Reached skill level 9 in Unarmed Combat
  5580 | D:7      | Found a flagged portal.
  5620 | Bailey   | Entered a bailey
  5872 | D:7      | Reached ** piety under Okawaru
  5876 | D:7      | Reached XP level 9. HP: 77/83 MP: 10/10
  6661 | D:8      | Noticed Erica
  6686 | D:8      | Noticed Harold
  6694 | D:8      | Killed Erica
  6694 | D:8      | Reached *** piety under Okawaru
  6701 | D:8      | Mangled by Harold

Illustrated notes

Levels and vault maps discovered:
D:1:      evilmike_arrival_home_sweet_home, layout_rooms,
          shapermc_ecumenical_altar_hornbeckon, minmay_cut_off
D:2:      minmay_inner_zag, layout_basic, nrook_mini_vaults,
          serial_bayou_pond_d, uniq_sigmund, uniq_jessica,
          uniq_crazy_yiuf_cottage
D:3:      layout_basic, amcnicky_altar_gilded, gup_sewer_entry_pipe,
          st_stairs_9, uniq_robin
D:4:      kennysheep_slugbush, layout_cave_pools, minmay_temple_entry_grid,
          serial_forest, infiniplex_forest_end_2, infiniplex_forest_straight_2,
          infiniplex_forest_straight_5, infiniplex_forest_corner_1,
          infiniplex_forest_side_room, serial_shops, nicolae_shop_behind_doors,
          minmay_liquid_box
D:5:      layout_gridville, grunt_temple_overflow_holy_war
D:6:      layout_loops_ring
D:7:      layout_basic, enter_bailey_5
D:8:      layout_basic, corexii_leaking_fountain, uniq_harold, uniq_erica,
          uniq_grum
Temple:   eino_temple_scatter_basement

Skill      XL: |  1  2  3  4  5  6  7  8  9 |
---------------+----------------------------+-----
Unarmed Combat | 1 2 5 7 8 9 |  9.8
Invocations    | 1 3 |  3.9
Fighting       | 2 3 4 |  4.4
Dodging        | 2 3 |  3.7
Armour         | 1 3 |  3.7
Throwing       | 4 |  4.4
Stealth        | |  0.3

Action                   |  1- 3 |  4- 6 |  7- 9 || total
-------------------------+-------+-------+-------++-------
Melee: Unarmed           |   108 |   209 |   312 ||   629
       Punch             |     1 |     6 |    11 ||    18
Throw: Throwing net      |     2 |     1 |     3 ||     6
Invok: Heroism           |       |       |     1 ||     1
  Use: Scroll            |     6 |     1 |     9 ||    16
 Stab: Sleeping          |     1 |       |     2 ||     3
Armor: Robe              |    49 |    70 |   195 ||   314
Dodge: Dodged            |    68 |    76 |   166 ||   310

Table legend: (Time is in decaauts)
 A = Elapsed time spent in this place.
 B = Non-inter-level travel time spent in this place.
 C = Inter-level travel time spent in this place.
 D = Time resting spent in this place.
 E = Time spent auto-exploring this place.
 F = Levels seen in this place.
 G = Mean time per level.
                   A        B        C        D        E       F      G
               +--------+--------+--------+--------+--------+-----+--------+
         Total |   6664 |   6355 |    309 |    407 |   4393 |  11 |  605.8 |
       Dungeon |   6054 |   5788 |    266 |    407 |   4088 |   8 |  756.8 |
        Temple |    197 |    154 |     43 |      0 |    153 |   1 |  197.0 |
         Sewer |    367 |    367 |      0 |      0 |    152 |   1 |  367.0 |
        Bailey |     44 |     44 |      0 |      0 |      0 |   1 |   44.0 |
               +--------+--------+--------+--------+--------+-----+--------+

Top non-repeatable levels by time:
     D:3: 1073 daAuts
     D:2: 1071 daAuts
     D:7: 1056 daAuts
     D:5: 766 daAuts
     D:4: 762 daAuts
     D:6: 708 daAuts
     D:1: 552 daAuts
   Sewer: 367 daAuts
  Temple: 197 daAuts
     D:8: 63 daAuts
  Bailey: 44 daAuts
